 Dungeon Crawl Stone Soup version 0.26-a0-771-g060e6a62af (webtiles) character file.

Game seed: 7310573092195640900

149 Trevor the Digger (level 5, -10/31 HPs)
             Began as an Octopode Earth Elementalist on Nov 9, 2020.
             Mangled by an iguana (14 damage)
             ... on level 5 of the Dungeon.
             The game lasted 00:06:29 (2697 turns).

Trevor the Digger (Octopode Earth Elementalist)     Turns: 2697, Time: 00:06:30

Health: -10/31     AC:  1    Str:  8    XL:     5   Next: 31%
Magic:  3/9        EV: 14    Int: 18    God:
Gold:   95         SH:  0    Dex: 12    Spells: 7/10 levels left

rFire    . . .     SeeInvis .   (no weapon)
rCold    . . .     Faith    .   (no shield)
rNeg     . . .     Spirit   .   (helmet restricted)
rPois    .         Reflect  .   (no amulet)
rElec    .         Harm     .   e - ring of attention (curse)
rCorr    .         Rampage  .   (no ring)
MR       .....                  (no ring)
Stlth    ++........             (no ring)
HPRegen  0.10/turn              (no ring)
MPRegen  0.11/turn              (no ring)
                                (no ring)
                                (no ring)

@: no status effects
A: almost no armour, stealthy swim, amphibious, 8 rings, constrict 8, camouflage
1, gelatinous body 1
a: no special abilities


You were on level 5 of the Dungeon.
You visited 1 branch of the dungeon, and saw 4 of its levels.

You collected 95 gold pieces.

Inventory:

Missiles
 b - 195 stones (quivered)
Jewellery
 e - a cursed ring of attention (left tentacle)
 l - the ring of Beauty {*Drain rElec MR++ Str+6 Int+3, unknown}
   (You found it on level 5 of the Dungeon)

   [ring of strength]

   It affects your strength (+6).
   It affects your intelligence (+3).
   It insulates you from electricity.
   It affects your resistance to hostile enchantments.
   It causes draining when unequipped.
Wands
 j - a wand of disintegration (8)
Scrolls
 d - a scroll of remove curse {unknown}
 g - a scroll of teleportation {unknown}
 h - a scroll of identify {unknown}
 i - a scroll of fear {unknown}
Potions
 a - a potion of mutation {unknown}
 c - 2 potions of lignification {unknown}
 f - 2 potions of degeneration {unknown}
 k - a potion of brilliance {unknown}
 m - a potion of ambrosia {unknown}


   Skills:
 + Level 2.7 Dodging
 + Level 2.8 Stealth
 + Level 3.2 Spellcasting
 + Level 1.4 Transmutations
 + Level 4.4 Earth Magic


You had 7 spell levels left.
You knew the following spells:

 Your Spells              Type           Power        Failure   Level
a - Sandblast             Erth           ###...       2%          1
b - Passwall              Tmut/Erth      ##......     7%          2

Your spell library contained the following spells:

 Spells                   Type           Power        Failure   Level
 Stone Arrow              Conj/Erth      ##....       19%         3
 Petrify                  Tmut/Erth      ##......     43%         4
 Lee's Rapid Deconstruct  Erth           ###.......   58%         5


Dungeon Overview and Level Annotations

Branches:
Dungeon (3/15)

Altars:
Hepliaklqana

Annotations:
D:2 1 runed translucent door, Crazy Yiuf


Innate Abilities, Weirdness & Mutations

You cannot wear most types of armour.
You are very stealthy in the water. (Stealth+)
You are amphibious.
You can wear up to eight rings at the same time.
You can use your tentacles to constrict eight enemies at once.
Your skin changes colour to match your surroundings (Stealth+).
Your rubbery body absorbs attacks. (AC +1, EV +1)


Message History

Casting: Sandblast (safe; 2% risk of failure)
Confirm with . or Enter, or press ? or * to list all spells.
Aiming: Sandblast (safe; 2% risk of failure)
Press: ? - help, Shift-Dir - straight line, f/p - iguana
Aim: an iguana (severely wounded)
The blast of sand misses the iguana.
b - 196 stones The iguana hisses menacingly.
The iguana bites you!
* * * LOW HITPOINT WARNING * * *
Casting: Sandblast (safe; 2% risk of failure)
Confirm with . or Enter, or press ? or * to list all spells.
Aiming: Sandblast (safe; 2% risk of failure)
Press: ? - help, Shift-Dir - straight line, f/p - iguana
Aim: an iguana (severely wounded)
The blast of sand hits the iguana but does no damage.
The iguana is severely wounded.
b - 195 stones The iguana bites you!
You die...

#### #.# ##
#.# .. #.# #.
#.# #. #.#
#.## #.# ..#
#.# #.# #.#
#@###.#
.######l....#
........#####
######..#
#........#
##.#####.#
#.# #<# #.#


You could see an iguana.

Vanquished Creatures
  A bullfrog skeleton (D:5)
  A killer bee zombie (D:5)
  A hound zombie (D:5)
  An adder (D:3)
  2 gnolls (D:2)
  A worm (D:2)
  A dart slug (D:2)
  4 leopard geckos
  An orc (D:3)
  10 bats
  A giant cockroach (D:2)
  5 hobgoblins
  4 kobolds
  A quokka (D:2)
  A ball python (D:2)
  A frilled lizard (D:1)
  8 goblins
  2 rats (D:2)
46 creatures vanquished.

Vanquished Creatures (others)
  7 plants (D:3)
7 creatures vanquished.

Grand Total: 53 creatures vanquished

Notes
Turn   | Place    | Note
-------+----------+-------------------------------------------
     0 | D:1      | Trevor the Octopode Earth Elementalist began the quest for
                  | the Orb.
     0 | D:1      | Reached XP level 1. HP: 11/11 MP: 3/3
   306 | D:1      | Reached XP level 2. HP: 17/17 MP: 3/5
   739 | D:1      | Reached XP level 3. HP: 21/21 MP: 3/6
   748 | D:1      | Learned a level 2 spell: Passwall
  1576 | D:2      | Found a runed translucent door.
  1577 | D:2      | Noticed Crazy Yiuf
  1647 | D:2      | Reached skill level 4 in Earth Magic
  1850 | D:2      | Reached XP level 4. HP: 13/27 MP: 5/7
  2378 | D:3      | You fall into a shaft and drop 2 floors!
  2378 | D:5      | Entered Level 5 of the Dungeon
  2390 | D:5      | Got a vibrating turquoise ring
  2435 | D:5      | Found a hazy altar of Hepliaklqana.
  2440 | D:5      | Reached XP level 5. HP: 19/31 MP: 3/9
  2585 | D:5      | Noticed an ogre
  2697 | D:5      | Mangled by an iguana

Illustrated notes

Levels and vault maps discovered:
D:1:      dpeg_arrival_morbid_curiosity, layout_loops_ring, corner_web_ring
D:2:      layout_basic, nicolae_overflow_crystal_walls,
          gammafunk_temple_overflow_pools, uniq_crazy_yiuf_cottage
D:3:      layout_loops_cross, serial_bayou_pond_c
D:5:      layout_loops_ring, lemuel_altar_in_water

Skill      XL: |  1  2  3  4 |
---------------+-------------+-----
Earth Magic    | 4 |  4.4
Spellcasting   | 3 |  3.2
Dodging        | |  2.7
Stealth        | |  2.8
Transmutations | |  1.4

Action                   |  1- 3 |  4- 6 || total
-------------------------+-------+-------++-------
 Cast: Sandblast         |    49 |    26 ||    75
       Passwall          |     5 |     2 ||     7
Armor: Skin              |     2 |     1 ||     3
Dodge: Dodged            |    15 |    10 ||    25

Table legend: (Time is in decaauts)
 A = Elapsed time spent in this place.
 B = Non-inter-level travel time spent in this place.
 C = Inter-level travel time spent in this place.
 D = Time resting spent in this place.
 E = Time spent auto-exploring this place.
 F = Levels seen in this place.
 G = Mean time per level.
                   A        B        C        D        E       F      G
               +--------+--------+--------+--------+--------+-----+--------+
         Total |   2695 |   2639 |     56 |    361 |   1819 |   4 |  673.8 |
       Dungeon |   2695 |   2639 |     56 |    361 |   1819 |   4 |  673.8 |
               +--------+--------+--------+--------+--------+-----+--------+

Top non-repeatable levels by time:
     D:1: 1315 daAuts
     D:2: 720 daAuts
     D:3: 341 daAuts
     D:5: 318 daAuts
